 Dungeon Crawl Stone Soup version 0.31-a0-845-g9abc20d24f (webtiles) character file.

Game seed: 12218762140472683686

104 LeprechaunX the Changeling (level 4, -1/29 HPs)
             Began as an Octopode Shapeshifter on Oct 2, 2023.
             Splashed by a jelly's acid (3 damage)
             ... on level 3 of the Dungeon.
             The game lasted 00:02:38 (1927 turns).

LeprechaunX the Changeling (Octopode Shapeshifter)  Turns: 1927, Time: 00:02:38

Health: -1/29      AC: -7    Str: 15    XL:     4   Next: 80%
Magic:  4/4        EV: 11    Int: 17    God:
Gold:   106        SH:  7    Dex: 11    Spells: 3/3 levels left

rFire   . . .        k - +1 short sword of Supply {speed, *Rage rElec Int+5 Stlth+}
rCold   . . .        j - +0 kite shield
rNeg    + . .        (helmet currently unavailable)
rPois   .            (no amulet)
rElec   +            p - ring of positive energy
rCorr   .            (no ring)
SInv    .            (no ring)
Will    .....        (no ring)
Stlth   +++          (no ring)
HPRegen 0.24/turn    (no ring)
MPRegen 0.09/turn    (no ring)
                     (no ring)

%: random rage (20%)
@: beast-form, corroded
A: beast (slay +2), almost no armour, amphibious, 8 rings, camouflage 1,
gelatinous body 1, (nimble swimmer 1), tentacles
a: Begin Untransformation


You were on level 3 of the Dungeon.
You were a hulking beast.
You visited 1 branch of the dungeon, and saw 3 of its levels.

You collected 106 gold pieces.

Inventory:

Hand Weapons
 a - a +0 sling
 k - the +1 short sword of Supply (weapon) {speed, *Rage rElec Int+5 Stlth+}
   (You found it on level 2 of the Dungeon)

   Int+5:     It affects your intelligence (+5).
   rElec:     It insulates you from electricity.
   *Rage:     It berserks you when you make melee attacks (+20% chance).
   Stlth+:    It makes you more stealthy.
Missiles
 o - 6 boomerangs
 t - 2 javelins
Armour
 j - a +0 kite shield (worn)
Jewellery
 p - a ring of positive energy (left tentacle)
 r - a ring of ice
Talismans
 b - a beast talisman (active)
 c - a flux talisman
 m - a serpent talisman
 q - a maw talisman
Scrolls
 g - a scroll of poison {unknown}
 i - a scroll of enchant weapon {unknown}
 l - a scroll of amnesia {unknown}
 n - 3 scrolls of identify {unknown}
 s - 2 scrolls of teleportation {unknown}
 u - a scroll of immolation {unknown}
Potions
 d - a potion of resistance {unknown}
 e - a potion of attraction {unknown}
 f - a potion of curing {unknown}
 h - a potion of lignification


   Skills:
 + Level 1.8 Fighting
 + Level 2.7 Dodging
 + Level 1.2 Shields
 + Level 3.4 Unarmed Combat
 * Level 3.9 Shapeshifting


You had 3 spell levels left.
You didn't know any spells.
Your spell library was empty.

Dungeon Overview and Level Annotations

Branches:
Dungeon (3/15)

Altars:
Okawaru

Shops:
D:1 [


Innate Abilities, Weirdness & Mutations

You are a hulking beast.
Your limbs bulge with bestial killing power. (Slay +2)
You cannot wear most types of armour.
You are amphibious.
You can wear up to eight rings at the same time.
Your skin changes colour to match your surroundings (Stealth+).
Your rubbery body absorbs attacks. (AC +1, EV +1)
((You are camouflaged when in or above water. (Stealth+)))
You have tentacles for arms and can constrict up to eight enemies at once.


Message History

A bat is nearby!
An orc comes into view. It is wielding a +0 whip.
A ball python comes into view.
A jelly comes into view.
You block the bat's attack.
You closely miss the bat.
The orc shouts!
Your grab misses the bat.
The orc shouts!
The ball python hisses angrily.
The bat hits you.
You barely miss the bat. Your grab misses the bat. The bat misses you.
The bat hits you but does no damage.
You hit the bat. You grab the bat.
The bat is heavily wounded.
You constrict the bat, but do no damage.
The bat barely misses you. The bat hits you but does no damage.
You hit the bat.
You kill the bat!
You hit the jelly. The acid corrodes you!
Your tentacles burn!
The jelly is lightly wounded.
The jelly hits you.
You are splashed with acid!
You block the ball python's attack. The ball python grabs you.
The ball python constricts you.
You are too injured to fight recklessly!
You are too injured to fight recklessly!
Unknown command.
You escape the ball python's grasp.
The jelly attacks as it pursues you! The jelly hits you.
You are splashed with acid!
* * * LOW HITPOINT WARNING * * *
You hit the jelly. The acid corrodes you!
Your tentacles burn!
* * * LOW HITPOINT WARNING * * *
The jelly is lightly wounded.
The jelly barely misses you.
You hit the jelly but do no damage.
Your tentacles burn!
* * * LOW HITPOINT WARNING * * *
The jelly is lightly wounded.
You block the jelly's attack.
Unknown command.
You hit the jelly.
Your tentacles burn!
You die...

...#############.######.
#....... ##.#####
#.............. ####....
.......# #..............
#.... .......#
#.............. #....
.......# #..............
#.... .......#
#.............. #....
.......# #.....oSo......
..... ...#############J#
##....
...#...≈)≈.....#h#
##'#.8.≈≈≈.......#
#.#8_8..........#
#.#.8.≈≈≈.......#
#.#...≈)≈.....#.#
#.#######...###.#
#.###.......# #.#
#...........# #.#
#...........+ #.#


You could see a jelly, 2 orcs and a ball python.

Vanquished Creatures
  Terence (D:3)
  3 adders (D:2)
  A worm (D:2)
  3 endoplasms
  2 giant cockroaches
  5 hobgoblins
  3 quokkas
  7 ball pythons
  5 bats
  3 frilled lizards
  5 goblins
  2 kobolds
  8 rats
48 creatures vanquished.

Notes
Turn   | Place    | Note
-------+----------+-------------------------------------------
     0 | D:1      | LeprechaunX the Octopode Shapeshifter began the quest for
                  | the Orb.
     0 | D:1      | Reached XP level 1. HP: 13/13 MP: 1/1
   106 | D:1      | Reached XP level 2. HP: 18/18 MP: 2/2
   127 | D:1      | Found Itulyofo's Antique Armour Shop.
   834 | D:2      | Identified the +1 short sword of Supply {speed, *Rage rElec
                  | Int+5 Stlth+}
   927 | D:2      | Reached XP level 3. HP: 23/23 MP: 3/3
  1371 | D:2      | Reached XP level 4. HP: 29/29 MP: 4/4
  1483 | D:3      | Noticed Terence
  1491 | D:3      | Killed Terence
  1544 | D:3      | Reached skill level 1 in Shields
  1881 | D:3      | Found an iron altar of Okawaru.
  1927 | D:3      | Splashed by a jelly's acid

Illustrated notes

Levels and vault maps discovered:
D:1:      amcnicky_arrival_feature_with_door, layout_loops_ring, serial_shops,
          shop, minmay_shallow_snake_nest
D:2:      layout_rooms, minmay_misc_feat_secret_circle
D:3:      layout_basic, kennysheep_okawaru_gauntlet, minmay_misc_feat_diagonals,
          uniq_terence

Skill      XL: |  1  2  3  4 |
---------------+-------------+-----
Shields        | 1 |  1.2
Fighting       | |  1.8
Dodging        | |  2.7
Unarmed Combat | |  3.4
Shapeshifting  | |  3.9

Action                     |  1- 3 |  4- 6 || total
---------------------------+-------+-------++-------
  Melee: Unarmed           |    31 |       ||    31
         Tentacles         |     9 |     4 ||    13
         Short sword       |    37 |    38 ||    75
         Constrict         |    14 |    10 ||    24
   Stab: Sleeping          |     2 |     5 ||     7
 Armour: Skin              |    19 |    17 ||    36
  Dodge: Dodged            |    30 |     6 ||    36
  Block: Kite shield       |    15 |     9 ||    24

Table legend: (Time is in decaauts)
 A = Elapsed time spent in this place.
 B = Non-inter-level travel time spent in this place.
 C = Inter-level travel time spent in this place.
 D = Time resting spent in this place.
 E = Time spent auto-exploring this place.
 F = Levels seen in this place.
 G = Mean time per level.
                   A        B        C        D        E       F      G
               +--------+--------+--------+--------+--------+-----+--------+
         Total |   2003 |   1917 |     86 |     55 |   1457 |   3 |  667.7 |
       Dungeon |   2003 |   1917 |     86 |     55 |   1457 |   3 |  667.7 |
               +--------+--------+--------+--------+--------+-----+--------+

Top non-repeatable levels by time:
     D:1: 826 daAuts
     D:2: 632 daAuts
     D:3: 544 daAuts
